 Dungeon Crawl Stone Soup version 0.28-a0-1152-g9c71ebef14 (webtiles) character file.

Game seed: 6824463802848420882

16291 dracfodder the Thaumaturge (level 12, -8/72 HPs)
             Began as a Gargoyle Earth Elementalist on Dec 13, 2021.
             Mangled by a seven-headed hydra (9 damage)
             ... on level 3 of the Lair of Beasts on Dec 14, 2021.
             The game lasted 01:46:56 (16049 turns).

dracfodder the Thaumaturge (GrEE)                  Turns: 16049, Time: 01:46:57

Health: -8/72      AC: 17    Str: 11 (13) XL:     12   Next: 36%
Magic:  28/28      EV: 13    Int: 20      God:
Gold:   314        SH:  0    Dex: 12 (14) Spells: 9/36 levels left

rFire   . . .      SeeInvis +   a - +2 mace (protect)
rCold   x . .      Faith    .   (no shield)
rNeg    + + .      Spirit   .   x - +1 steam dragon scales
rPois   ∞          Reflect  .   (helmet restricted)
rElec   +          Harm     .   (no cloak)
rCorr   .          Rampage  .   s - +0 pair of gloves
Will    +....                   k - +1 pair of boots
Stlth   ++........              w - amulet of Vitality {Regen+ HP+15}
HPRegen 1.02/turn               P - ring of Gisejit {rC- Will+ Dex+4 SInv}
MPRegen 0.21/turn               y - ring of positive energy

@: no status effects
A: sickness immunity, AC +8, negative energy resistance 1, electricity
resistance, torment resistance 1, petrification resistance, horns 1,
deterioration 1, frail 1
a: no special abilities


You were on level 3 of the Lair of Beasts.
You visited 4 branches of the dungeon, and saw 14 of its levels.

You collected 617 gold pieces.
You spent 303 gold pieces at shops.

Inventory:

Hand Weapons
 a - a +2 mace of protection (weapon)
 b - a +2 hunting sling of electrocution
 v - the +3 trident "Nebyv" {vorpal, rF+ rCorr Dex+4 Stlth-}
   (You found it on level 5 of the Dungeon)

   It inflicts extra damage upon your enemies.
   Dex:       It affects your dexterity (+4).
   rF:        It protects you from fire.
   rCorr:     It protects you from acid and corrosion.
   Stlth:     It makes you less stealthy.
 K - a +2 whip of flaming
 Q - the +12 falchion "Ridopison" {holy, Fly rCorr Str-4 Dex+3}
   (You found it on level 1 of the Lair of Beasts)

   It has been blessed by the Shining One to cause great damage to the undead
   and demons.
   Str:       It affects your strength (-4).
   Dex:       It affects your dexterity (+3).
   Fly:       It grants you flight.
   rCorr:     It protects you from acid and corrosion.
Missiles
 c - 76 stones
 e - 15 atropa-tipped darts
 f - 99 bolts
 g - 119 arrows
 r - a boomerang
 t - 5 javelins
 C - 9 poisoned darts
 F - 95 sling bullets
 H - 10 curare-tipped darts
Armour
 k - a +1 pair of boots (worn)
 s - a +0 pair of gloves (worn)
 x - +1 steam dragon scales (worn)
 A - a +2 robe of resistance
 O - +0 acid dragon scales
Magical Staves
 j - a staff of earth
 m - a staff of conjuration
Jewellery
 d - a +4 ring of evasion
 w - the amulet of Vitality (around neck) {Regen+ HP+15}
   (You found it on level 5 of the Dungeon)

   [amulet of regeneration]

   HP:        It affects your health (+15).
   Regen:     It increases your rate of health regeneration.
 y - a ring of positive energy (right hand)
 E - an amulet of magic regeneration
 P - the ring of Gisejit (left hand) {rC- Will+ Dex+4 SInv}
   (You acquired it on level 2 of the Lair of Beasts)

   [ring of willpower]

   Dex:       It affects your dexterity (+4).
   rC:        It makes you vulnerable to cold.
   SInv:      It lets you see invisible.
   Will:      It increases your willpower.
 S - an amulet of the acrobat
Wands
 u - a wand of digging (4)
 J - a wand of polymorph (6)
 L - a wand of acid (4)
Scrolls
 i - 4 scrolls of brand weapon
 n - a scroll of blinking
 o - a scroll of fear
 p - 5 scrolls of teleportation
 q - a scroll of magic mapping
 G - a scroll of holy word
 I - 5 scrolls of identify
 N - 2 scrolls of fog
Potions
 h - 3 potions of heal wounds
 l - 3 potions of flight
 B - a potion of magic
 D - a potion of haste
 M - a potion of curing
 R - a potion of mutation
Miscellaneous
 z - a phantom mirror


   Skills:
 + Level 3.0 Fighting
 + Level 4.4 Maces & Flails
 + Level 1.2 Polearms
 + Level 3.2(3.3) Slings
 + Level 0.4(2.0) Throwing
 + Level 4.2 Dodging
 + Level 3.7 Stealth
 + Level 0.1 Unarmed Combat
 + Level 12.8 Spellcasting
 * Level 5.9 Conjurations
 + Level 1.2 Transmutations
 + Level 0.5 Fire Magic
 + Level 0.4 Air Magic
 * Level 11.9 Earth Magic
 + Level 0.7 Poison Magic


You had 9 spell levels left.
You knew the following spells:

 Your Spells              Type           Power      Damage    Failure   Level
a - Sandblast             Erth           100%       2d20      1%          1
b - Stone Arrow           Conj/Erth      96%        3d13      1%          3
c - Passwall              Tmut/Erth      32%        N/A       1%          2
d - Petrify               Tmut/Erth      39%        N/A       3%          4
e - Mephitic Cloud        Conj/Pois/Air  22%        N/A       6%          3
f - Ignite Poison         Fire/Tmut/Pois 16%        N/A       11%         3
g - Iron Shot             Conj/Erth      24%        9d5       21%         6
h - Lee's Rapid Deconstr  Erth           28%        3d16*     1%          5

Your spell library contained the following spells:

 Spells                   Type           Power      Damage    Failure   Level
 Dazzling Flash           Conj/Hex       48%        N/A       4%          3
 Leda's Liquefaction      Hex/Erth       18%        N/A       4%          4
 Animate Skeleton         Necr           24%        N/A       5%          1
 Freeze                   Ice            48%        1d7       5%          1
 Pain                     Necr           48%        1d6       5%          1
 Corpse Rot               Necr/Air       26%        N/A       8%          2
 Iskenderun's Battlesphe  Conj           36%        2d9       13%         5
 Frozen Ramparts          Ice            24%        1d4       16%         3
 Vampiric Draining        Necr           12%        2d6       16%         3
 Hailstorm                Conj/Ice       24%        3d7       16%         4
 Dispel Undead            Necr           12%        3d9       45%         4
 Freezing Cloud           Conj/Ice/Air   10%        6-21      52%         5
 Silence                  Hex/Air        6%         N/A       80%         5
 Agony                    Necr           12%        N/A       82%         5
 Death Channel            Necr           6%         N/A       100%        6
 Spellforged Servitor     Conj/Summ      12%        N/A       100%        7
 Statue Form              Tmut/Erth      Unusable   N/A       N/A         6

Dungeon Overview and Level Annotations

Branches:
Dungeon (9/15)             Temple (1/1) D:6            Lair (3/6) D:9
  Swamp (1/4) Lair:2        Snake (0/4) Lair:2
    Orc: D:9-12

Altars:
Ashenzari
Cheibriados
Dithmenos
Elyvilon
Fedhas
Gozag
Hepliaklqana
Kikubaaqudgha
Makhleb
Nemelex Xobeh
Okawaru
Qazlal
Ru
Sif Muna
Trog
Uskayaw
Vehumet
Wu Jian
Xom
Yredelemnul
Zin
The Shining One

Shops:
D:6 !   D:7 !?(*(

Annotations:
D:9 exclusion: ice statue


Innate Abilities, Weirdness & Mutations

You are immune to sickness and miasma.
Your stone body is resilient. (AC +8)
You are immune to poison.
You resist negative energy. (rN+)
You are resistant to electric shocks. (rElec)
You are resistant to unholy torment.
You are immune to petrification.
You have a pair of small horns on your head.
Your body sometimes deteriorates upon taking damage.
You are frail. (-10% HP)


Message History

Press: ? - help, Shift-Dir - straight line, f - yak
Aim: a yak (almost dead, 90% to hit)
The blast of sand hits the yak!
You kill the yak!
c - 76 stones You start resting.
Magic restored.
You start waiting.
Done waiting.
You climb downwards.
The six-headed hydra roars!
You hear a roar!
The elephant closely misses you. x2; The elephant tramples you!
You hold your ground!
The elephant barely misses you. The yak gores you but does no damage.
The yak misses you.
A seven-headed hydra comes into view.
The elephant tramples you.
You stumble backwards!
The elephant tramples you.
You stumble backwards!
The yak gores you!
Your body deteriorates!
You feel weakened. The yak gores you!
Your body deteriorates!
You feel clumsy.
Found 29 stones.
The six-headed hydra bites you.
The six-headed hydra completely misses you. x2
The six-headed hydra bites you but does no damage.
The six-headed hydra bites you!
Your body deteriorates!
You feel clumsy. The six-headed hydra barely misses you.
The seven-headed hydra bites you but does no damage.
The seven-headed hydra barely misses you.
The seven-headed hydra bites you but does no damage.
The seven-headed hydra bites you!
* * * LOW HITPOINT WARNING * * *
The seven-headed hydra bites you but does no damage.
The seven-headed hydra misses you. The seven-headed hydra bites you.
* * * LOW HITPOINT WARNING * * *
The seven-headed hydra bites you!
* * * LOW HITPOINT WARNING * * *
Your body deteriorates!
You feel weakened. The seven-headed hydra bites you!
You die...

#. #..... #.. .+ #. #....# .. ...
..# #.####....## .# .. ##... .
####...#.....## .# #.#.#.....
..............###.######.⌠..#....
......................#..........
........<....Y........#⌠.<.⌠.....
............Y.Y.......#.....#....
...?........YYDD@.....##...## .
.#...##P....YY.##########+..
#....###.....#..... ..#
.....##......#.#.#.. ...
......#......+..... ...#
##...+...........⌠.. .#.+
....##..............
##...###.....#.#.###(


You could see a seven-headed hydra, a six-headed hydra, 3 elephants and 4 yaks.

Vanquished Creatures
  2 bog bodies (Lair:2)
  5 cane toads
  2 rime drakes (Lair:2)
  2 komodo dragons
  A polar bear (Lair:2)
  13 blink frogs
  21 yaks
  A fire bat (D:8)
  2 steam dragons
  A warg (D:8)
  5 nagas (Lair:2)
  5 water moccasins
  4 swamp worms (Lair:2)
  3 orc warriors
  2 sky beasts
  5 ogres
  A necrophage (D:6)
  2 ice beasts
  2 black bears (D:5)
  3 centaurs
  15 wolves
  8 bullfrogs
  3 kobold brigands
  A gnoll sergeant (D:8)
  4 scorpions
  4 wights (D:8)
  An electric eel (Lair:2)
  4 centaur zombies
  5 hounds
  9 orc priests
  A gnoll shaman (D:7)
  A jelly (D:6)
  An iguana (D:4)
  8 orc wizards
  2 killer bee zombies
  13 gnolls
  12 adders
  A shadow imp (D:7)
  3 white imps
  An ufetubus (D:6)
  An adder skeleton (D:4)
  3 worms
  A dart slug (D:1)
  24 orcs
  5 bats
  5 endoplasms
  A giant cockroach (D:4)
  4 goblins
  2 hobgoblins (D:2)
  11 jackals
  17 kobolds
  A quokka (D:2)
  9 ball pythons
  3 frilled lizards
  4 rats
270 creatures vanquished.

Vanquished Creatures (others)
  12 fungi
  36 plants
48 creatures vanquished.

Grand Total: 318 creatures vanquished

Notes
Turn   | Place    | Note
-------+----------+-------------------------------------------
     0 | D:1      | dracfodder the Gargoyle Earth Elementalist began the quest
                  | for the Orb.
     0 | D:1      | Reached XP level 1. HP: 10/10 MP: 3/3
   341 | D:1      | Reached skill level 1 in Transmutations
   360 | D:1      | Reached XP level 2. HP: 15/15 MP: 0/5
   993 | D:2      | Reached XP level 3. HP: 19/19 MP: 2/6
  1110 | D:2      | Learned a level 3 spell: Stone Arrow
  1113 | D:2      | Learned a level 2 spell: Passwall
  1380 | D:2      | Reached skill level 3 in Spellcasting
  1524 | D:2      | Found a radiant altar of Vehumet.
  1582 | D:2      | Found a faded altar of an unknown god.
  2100 | D:4      | Noticed an ogre
  2123 | D:3      | Reached XP level 4. HP: 16/24 MP: 3/8
  2124 | D:3      | Killed an ogre
  2125 | D:3      | Reached XP level 5. HP: 19/28 MP: 1/10
  2236 | D:3      | Reached skill level 4 in Spellcasting
  2236 | D:3      | Reached skill level 5 in Earth Magic
  2236 | D:3      | Reached XP level 6. HP: 20/33 MP: 8/12
  2254 | D:3      | Noticed an ice beast
  2262 | D:3      | Killed an ice beast
  3142 | D:3      | Reached skill level 5 in Spellcasting
  3579 | D:3      | Found a blossoming altar of Fedhas.
  3582 | D:3      | Found a white marble altar of Elyvilon.
  3587 | D:3      | Found an ancient bone altar of Kikubaaqudgha.
  3990 | D:4      | Reached XP level 7. HP: 34/37 MP: 8/14
  4061 | D:4      | Reached skill level 1 in Conjurations
  4089 | D:5      | Entered Level 5 of the Dungeon
  4327 | D:4      | Reached skill level 1 in Slings
  4896 | D:4      | Reached skill level 1 in Maces & Flails
  5097 | D:4      | Reached skill level 1 in Fighting
  5097 | D:4      | Reached skill level 6 in Spellcasting
  5184 | D:4      | Learned a level 4 spell: Petrify
  5411 | D:5      | Reached XP level 8. HP: 43/43 MP: 12/17
  5586 | D:5      | Identified the +3 trident "Nebyv" {vorpal, rF+ rCorr Dex+4
                  | Stlth-}
  5844 | D:5      | Found the amulet of Vitality {Regen+ HP+15}
  5932 | D:5      | Found a large runed translucent door.
  5933 | D:5      | Found a large runed translucent door.
  5978 | D:5      | Reached skill level 7 in Spellcasting
  6103 | D:5      | Noticed a yak
  6138 | D:5      | Killed a yak
  6245 | D:5      | Found a large runed translucent door.
  6245 | D:5      | Found a large runed translucent door.
  6435 | D:5      | Reached XP level 9. HP: 48/48 MP: 13/20
  6691 | D:6      | Reached skill level 8 in Spellcasting
  6708 | D:6      | Learned a level 3 spell: Mephitic Cloud
  6712 | D:6      | Learned a level 3 spell: Ignite Poison
  6760 | D:6      | Found Kaikloer's Distillery.
  6880 | D:6      | Bought a potion of heal wounds for 60 gold pieces
  6880 | D:6      | Bought a potion of haste for 120 gold pieces
  6971 | D:6      | Reached skill level 1 in Polearms
  7007 | D:6      | Found a bloodstained altar of Trog.
  7085 | D:6      | Found a shimmering altar of Xom.
  7325 | D:6      | Identified the +5 falchion of Uncertain Death {elec, *Slow
                  | rPois Int+3 Dex+8}
  7525 | D:6      | Found a staircase to the Ecumenical Temple.
  7554 | Temple   | Entered the Ecumenical Temple
  7792 | D:6      | Identified the +5 short sword "Byriofut" {vorpal, rPois
                  | Str+5 Dex-4}
  8249 | D:8      | Noticed a +0 short sword
  8406 | D:7      | Found Giomutax's Weapon Emporium.
  8422 | D:7      | Found Veyx's Distillery.
  8474 | D:7      | Gained mutation: Your body sometimes deteriorates upon
                  | taking damage. [potion of mutation]
  8474 | D:7      | Gained mutation: You are frail. (-10% HP) [potion of
                  | mutation]
  8474 | D:7      | Gained mutation: You have a pair of small horns on your
                  | head. [potion of mutation]
  8526 | D:7      | Found Hithed's Magic Scroll Emporium.
  8534 | D:7      | Bought a scroll of enchant weapon for 97 gold pieces
  8534 | D:7      | Bought a scroll of identify for 26 gold pieces
  8544 | D:7      | Reached skill level 9 in Spellcasting
  8834 | D:7      | Found Remub's General Store.
  9323 | D:7      | Found Othu's Antique Weapon Shoppe.
  9476 | D:8      | Reached XP level 10. HP: 48/48 MP: 2/23
  9656 | D:9      | Noticed an ice statue
 10300 | D:8      | Reached skill level 10 in Spellcasting
 10383 | D:8      | Noticed a +0 dagger
 10384 | D:8      | Noticed a +0 falchion
 10384 | D:8      | Noticed a +0 spear
 10384 | D:8      | Noticed a +0 short sword
 10386 | D:8      | Noticed a +0 dagger
 10387 | D:8      | Noticed a +0 falchion
 10388 | D:8      | Noticed a +0 spear
 10414 | D:8      | Found a hide-covered altar of Uskayaw.
 11366 | D:9      | Found a staircase to the Lair.
 11388 | Lair:1   | Entered Level 1 of the Lair of Beasts
 11428 | Lair:1   | Noticed a cane toad
 11430 | Lair:1   | Killed a cane toad
 11453 | Lair:1   | Noticed a cane toad
 11462 | Lair:1   | Killed a cane toad
 11520 | Lair:1   | Reached skill level 11 in Spellcasting
 11613 | Lair:1   | Noticed a cane toad
 11618 | Lair:1   | Killed a cane toad
 11726 | Lair:1   | Identified the +12 falchion "Ridopison" {holy, Fly rCorr
                  | Str-4 Dex+3}
 11786 | Lair:1   | Reached XP level 11. HP: 45/53 MP: 2/26
 12266 | Lair:1   | Upgraded the game from 0.28-a0-1143-gcf6077d4cc to
                  | 0.28-a0-1152-g9c71ebef14
 12406 | Lair:1   | Reached skill level 10 in Earth Magic
 13142 | Lair:2   | Reached skill level 12 in Spellcasting
 14203 | Lair:2   | Learned a level 6 spell: Iron Shot
 14303 | Lair:2   | Reached XP level 12. HP: 57/57 MP: 23/28
 14311 | Lair:2   | Reached skill level 5 in Conjurations
 14709 | Lair:2   | Identified 2 scrolls of acquirement
 14710 | Lair:2   | Acquired the ring of Gisejit {rC- Will+ Dex+4 SInv}
 14713 | Lair:2   | Acquired a book of the Earth
 14721 | Lair:2   | Learned a level 5 spell: Lee's Rapid Deconstruction
 15145 | Lair:2   | Found a staircase to the Snake Pit.
 15581 | Lair:2   | Found a staircase to the Swamp.
 15792 | Swamp:1  | Entered Level 1 of the Swamp
 15792 | Swamp:1  | Noticed a ghost crab
 16042 | Lair:3   | Noticed a six-headed hydra
 16042 | Lair:3   | Noticed a seven-headed hydra
 16049 | Lair:3   | HP: 1/72 [seven-headed hydra (11)]
 16049 | Lair:3   | Mangled by a seven-headed hydra

Illustrated notes

Levels and vault maps discovered:
D:1:      dpeg_arrival_pits, layout_loops_ring, minmay_misc_feat_tower,
          minmay_pentomino_x2
D:2:      kennysheep_six_static_rooms, layout_loops_corners,
          dreamdust_ecumenical_altar_hidden_monk_grotto, basic_altar,
          minmay_misc_feat_square, minmay_misc_feat_plants
D:3:      layout_basic, grunt_temple_overflow_diamond
D:4:      layout_loops_ring, grunt_decor_junction, grunt_ministairs_3,
          sigmund_army
D:5:      layout_rooms, serial_park_tiny_2, minmay_hollow_rounded_squares
D:6:      layout_loops_cross, mainiacjoe_overflow_tiny_flanked, tgw_xom,
          minmay_temple_entry_arrows, serial_shops, nicolae_diamond_shop,
          hangedman_decor_diamond_cutter
D:7:      layout_loops_corners, serial_shops, nicolae_shop_window_shopping,
          nicolae_shop_bloodbath_and_beyond, shop, nicolae_shop_hallway_stairs,
          nicolae_square_shop
D:8:      layout_gridville, nicolae_uskayaw_en_pointe, kennysheep_diamond
D:9:      cheibrodos_frozen_isle, layout_irregular_city,
          erik_lair_orcish_takeover, orc_0_dummy
Temple:   regret_index_temple_sphere_string
Lair:1:   wad_woods_pond, layout_misc_corridors, serial_bayou_pond_b
Lair:2:   layout_regular_city, nicolae_swamp_entry_splash_gauntlet,
          minmay_snake_entry_guardpost_medium, chequers_serial_rivers_marsh,
          st_stairs_13, lemuel_fruit_fields
Lair:3:   layout_regular_city, serial_bayou_shore_a, grunt_megastairs_1
Swamp:1:  layout_basic_swamp, hangedman_swamp_ruin_wall, uniq_frances

Skill      XL: |  1  2  3  4  5  6  7  8  9 10 11 12 |
---------------+-------------------------------------+-----
Transmutations | 1 |  1.2
Earth Magic    | 4 5 6 8 9 11 | 11.9
Spellcasting   | 3 4 5 6 7 9 11 12 | 12.8
Dodging        | 2 3 4 |  4.2
Conjurations   | 1 3 4 5 |  5.9
Slings         | 1 2 3 |  3.2
Maces & Flails | 1 2 4 |  4.4
Fighting       | 1 2 3 |  3.0
Stealth        | 3 |  3.7
Polearms       | 1 |  1.2
Throwing       | |  0.4
Unarmed Combat | |  0.1
Fire Magic     | |  0.5
Air Magic      | |  0.4
Poison Magic   | |  0.7

Action                   |  1- 3 |  4- 6 |  7- 9 | 10-12 || total
-------------------------+-------+-------+-------+-------++-------
Melee: Unarmed           |     4 |       |       |       ||     4
       Dagger            |     5 |       |       |       ||     5
       Mace              |    16 |     7 |    82 |   129 ||   234
       Trident           |       |       |    36 |       ||    36
       Headbutt          |       |       |     4 |    17 ||    21
 Fire: Hunting sling     |       |     7 |    48 |    11 ||    66
Throw: Javelin           |       |       |    11 |       ||    11
       Stone             |       |       |     1 |       ||     1
 Cast: Sandblast         |    51 |    18 |   113 |   117 ||   299
       Stone Arrow       |     3 |    10 |    54 |   131 ||   198
       Mephitic Cloud    |       |       |     6 |    10 ||    16
       Passwall          |       |       |     2 |       ||     2
       Ignite Poison     |       |       |       |     4 ||     4
       Lee's Rapid Decon |       |       |       |    18 ||    18
       Petrify           |       |       |       |     6 ||     6
       Iron Shot         |       |       |       |     2 ||     2
Evoke: Wand              |       |       |       |     5 ||     5
  Use: Scroll            |     3 |     4 |    12 |     6 ||    25
       Potion            |       |       |     4 |       ||     4
 Stab: Distracted        |       |       |     1 |       ||     1
       Petrified         |       |       |       |     4 ||     4
Armor: Robe              |    20 |     2 |    63 |       ||    85
       Steam dragon scal |       |       |    40 |   109 ||   149
Dodge: Dodged            |    32 |    14 |   128 |   246 ||   420

Table legend: (Time is in decaauts)
 A = Elapsed time spent in this place.
 B = Non-inter-level travel time spent in this place.
 C = Inter-level travel time spent in this place.
 D = Time resting spent in this place.
 E = Time spent auto-exploring this place.
 F = Levels seen in this place.
 G = Mean time per level.
                   A        B        C        D        E       F      G
               +--------+--------+--------+--------+--------+-----+--------+
         Total |  16162 |  15420 |    742 |   4383 |   7662 |  14 | 1154.4 |
       Dungeon |  11269 |  10634 |    635 |   2201 |   6181 |   9 | 1252.1 |
        Temple |    178 |    157 |     21 |      0 |    132 |   1 |  178.0 |
          Lair |   4708 |   4622 |     86 |   2181 |   1348 |   3 | 1569.3 |
         Swamp |      5 |      5 |      0 |      0 |      0 |   1 |    5.0 |
               +--------+--------+--------+--------+--------+-----+--------+

Top non-repeatable levels by time:
  Lair:2: 3097 daAuts
     D:2: 1692 daAuts
  Lair:1: 1549 daAuts
     D:8: 1492 daAuts
     D:4: 1433 daAuts
     D:5: 1359 daAuts
     D:6: 1332 daAuts
     D:7: 1300 daAuts
     D:3: 1299 daAuts
     D:1: 974 daAuts
     D:9: 386 daAuts
  Temple: 178 daAuts
  Lair:3: 61 daAuts
 Swamp:1: 5 daAuts
